 Dungeon Sprint DCSS version 0.24.0-37-gcf1ca852f1 (webtiles) character file.

Game seed: 76316158660166472, levelgen mode: deterministic

1505 Cryoshakespeare the Imperceptible (level 8, -4/45 HPs)
             Began as a Vampire Monk on Nov 23, 2019.
             Was a Priest of Yredelemnul.
             Slain by a demonic crawler (12 damage)
             ... in the Dungeon (Sprint I: "Red Sonja").
             The game lasted 00:01:42 (236 turns).

Cryoshakespeare the Imperceptible (Vampire Monk)     Turns: 236, Time: 00:01:42

Health: -4/45      AC:  2    Str: 10    XL:     8   Next: 52%
Magic:  7/8        EV: 14    Int: 12    God:    Yredelemnul [***...]
Gold:   234        SH:  0    Dex: 19    Spells: 7/7 levels left

rFire    . . .     SeeInvis +   a - +0 short sword
rCold    + + .     Gourm    .   (no shield)
rNeg     + + +     Faith    .   b - +0 robe
rPois    ∞         Spirit   .   (no helmet)
rElec    .         Reflect  .   (no cloak)
rCorr    .         Harm     .   (no gloves)
MR       .....     NoTele   +   (no boots)
Stlth    ++++++++++             (no amulet)
HPRegen  0.00/turn              (no ring)
MPRegen  0.11/turn              (no ring)

@: bloodless
A: no food, fangs 3, see invisible, unbreathing
a: Bat Form, Revivify, Recall Undead Slaves, Injury Mirror, Animate Dead,
Renounce Religion


You were in the Dungeon.
You worshipped Yredelemnul.
Yredelemnul was most pleased with you.
You were bloodless.

You visited 1 branch You collected 234 gold pieces.

Inventory:

Hand Weapons
 a - a +0 short sword (weapon)
Armour
 b - a +0 robe (worn)
Wands
 g - a wand of flame (23)
Scrolls
 h - a scroll of blinking
 i - a scroll of fog {unknown}
Potions
 c - a potion of curing
 d - a potion of heal wounds
 e - a potion of haste
 f - 2 potions of magic


   Skills:
 - Level 2.6 Fighting
 - Level 3.2 Short Blades
 - Level 3.2 Dodging
 + Level 25.1 Stealth


You had 7 spell levels left.
You didn't know any spells.
Your spell library was empty.

Dungeon Overview and Level Annotations

Branches:
Dungeon (1/1)

Altars:
Cheibriados
Dithmenos
Elyvilon
Fedhas
Gozag
Hepliaklqana
Kikubaaqudgha
Makhleb
Nemelex Xobeh
Okawaru
Qazlal
Ru
Sif Muna
Trog
Uskayaw
Vehumet
Wu Jian
Xom
Yredelemnul
Zin
The Shining One
Jiyva
Lugonu

Shops:
D ?


Innate Abilities, Weirdness & Mutations

You do not eat.
You do not regenerate when monsters are visible.
You are frail without blood (-20% HP).
You can heal yourself when you bite living creatures.
You are immune to poison.
You have razor-sharp teeth.
You have supernaturally acute eyesight. (SInv)
You can survive without breathing.


Message History

The demonic crawler barely misses Ijyb.
The demonic crawler hits Ijyb. x2
Ijyb is destroyed!
Unknown command.
You barely miss the demonic crawler. The demonic crawler hits you.
The demonic crawler completely misses you.
The demonic crawler misses you.
Sigmund hits the demonic crawler with a +0 scythe.
Unknown command.
You hit the demonic crawler but do no damage.
You bite the demonic crawler, but do no damage.
The demonic crawler is lightly wounded.
The demonic crawler hits you. The demonic crawler misses you.
The demonic crawler hits you!
* * * LOW HITPOINT WARNING * * *
Unknown command.
Your yak zombie gores the demonic crawler.
Sigmund hits the demonic crawler with a +0 scythe.
The demonic crawler closely misses you. The demonic crawler hits you!
You die...
Yredelemnul claims you as an undead slave.

###################
..#..'..#__#..'.@Z#
.)'..#..'..'..#..s##+#
#+#####'#__####.ZZss.#
#.#### #####..+ ###
##.# +## __##+#_.+
...'Z.._# __##_.#+#
__###+#


You could see 3 demonic crawlers, a friendly yak zombie, a friendly kobold
demonologist zombie and the friendly Sigmund the human zombie.

Vanquished Creatures
  2 kobold demonologists (D)
  A demonic crawler (D)
  A slime creature (D)
  Sigmund (D)
  A yak (D)
  A floating eye (D)
  An ogre (D)
  A jelly (D)
  Ijyb (D)
10 creatures vanquished.

Vanquished Creatures (others)
  A kobold zombie (D)
  A goblin zombie (D)
2 creatures vanquished.

Grand Total: 12 creatures vanquished

Notes
Turn   | Place    | Note
-------+----------+-------------------------------------------
     0 | D        | Cryoshakespeare the Vampire Monk began the quest for the
                  | Orb.
     0 | D        | Reached XP level 1. HP: 17/17 MP: 1/1
     1 | D        | Noticed Ijyb
    17 | D        | Killed Ijyb
    17 | D        | Reached skill level 9 in Stealth
    17 | D        | Reached XP level 2. HP: 23/23 MP: 2/2
    69 | D        | Noticed an ogre
    71 | D        | Killed an ogre
    71 | D        | Reached skill level 13 in Stealth
    71 | D        | Reached XP level 3. HP: 22/22 MP: 3/3
    71 | D        | Reached XP level 4. HP: 27/27 MP: 4/4
    73 | D        | Noticed Sigmund
    76 | D        | Killed Sigmund
    76 | D        | Reached skill level 17 in Stealth
    76 | D        | Reached XP level 5. HP: 31/31 MP: 5/5
    88 | D        | Found an ornate altar of the Wu Jian Council.
    88 | D        | Found a shimmering blue altar of Sif Muna.
    90 | D        | Found a radiant altar of Vehumet.
    94 | D        | Reached skill level 18 in Stealth
    94 | D        | Reached XP level 6. HP: 36/36 MP: 6/6
   104 | D        | Found Uwac's Magic Scroll Emporium.
   104 | D        | Found an ancient bone altar of Kikubaaqudgha.
   104 | D        | Found a hazy altar of Hepliaklqana.
   104 | D        | Found a stormy altar of Qazlal.
   104 | D        | Found a hide-covered altar of Uskayaw.
   104 | D        | Found a blossoming altar of Fedhas.
   104 | D        | Found a bloodstained altar of Trog.
   104 | D        | Found an iron altar of Okawaru.
   104 | D        | Found a basalt altar of Yredelemnul.
   104 | D        | Found a glowing golden altar of the Shining One.
   104 | D        | Found a snail-covered altar of Cheibriados.
   104 | D        | Found a sacrificial altar of Ru.
   104 | D        | Found a glowing silver altar of Zin.
   104 | D        | Found a shadowy altar of Dithmenos.
   104 | D        | Found a white marble altar of Elyvilon.
   104 | D        | Noticed a yak
   105 | D        | Found an opulent altar of Gozag.
   106 | D        | Killed a yak
   106 | D        | Reached skill level 20 in Stealth
   107 | D        | Found a sparkling altar of Nemelex Xobeh.
   113 | D        | Became a worshipper of Yredelemnul the Dark
   113 | D        | Reached * piety under Yredelemnul
   113 | D        | Reached ** piety under Yredelemnul
   198 | D        | Found a burning altar of Makhleb.
   198 | D        | Found a viscous altar of Jiyva.
   198 | D        | Found a shimmering altar of Xom.
   198 | D        | Found a corrupted altar of Lugonu.
   198 | D        | Noticed a slime creature
   201 | D        | Killed a slime creature
   201 | D        | Reached skill level 21 in Stealth
   201 | D        | Reached XP level 7. HP: 40/40 MP: 7/7
   215 | D        | Noticed a kobold demonologist
   216 | D        | Noticed a kobold demonologist
   218 | D        | Killed a kobold demonologist
   218 | D        | Reached skill level 23 in Stealth
   221 | D        | Killed a kobold demonologist
   221 | D        | Reached *** piety under Yredelemnul
   221 | D        | Reached skill level 24 in Stealth
   221 | D        | Reached XP level 8. HP: 45/45 MP: 8/8
   228 | D        | Noticed a demonic crawler
   228 | D        | Noticed a demonic crawler
   228 | D        | Noticed a demonic crawler
   228 | D        | Noticed a demonic crawler
   230 | D        | Killed a demonic crawler
   230 | D        | Reached skill level 25 in Stealth
   233 | D        | Your ally Ijyb died
   236 | D        | Slain by a demonic crawler

Levels and vault maps discovered:
D:        dungeon_sprint_1 [red_sonja_temple_1, red_sonja_temple_small_1]

Skill      XL: |  1  2  3  4  5  6  7  8 |
---------------+-------------------------+-----
Stealth        | 9 13 17 18 21 24 25 | 25.1
Fighting       | |  2.6
Short Blades   | |  3.2
Dodging        | |  3.2

Action                   |  1- 3 |  4- 6 |  7- 9 || total
-------------------------+-------+-------+-------++-------
Melee: Short sword       |    15 |     4 |     6 ||    25
       Bite              |     1 |       |     1 ||     2
Invok: Animate Remains   |       |     3 |       ||     3
       Animate Dead      |       |       |     1 ||     1
 Abil: Exsanguinate      |     1 |       |       ||     1
  Use: Potion            |     1 |       |       ||     1
 Stab: Sleeping          |     1 |     4 |     4 ||     9
Armor: Robe              |       |       |     1 ||     1
Dodge: Dodged            |     4 |       |     4 ||     8
